%YAML 1.1
%TAG !u! tag:unity3d.com,2011:
--- !u!1 &137533412
GameObject:
  m_ObjectHideFlags: 0
  m_CorrespondingSourceObject: {fileID: 0}
  m_PrefabInstance: {fileID: 0}
  m_PrefabAsset: {fileID: 0}
  serializedVersion: 6
  m_Component:
  - component: {fileID: 137533413}
  m_Layer: 0
  m_Name: FiringPos
  m_TagString: Untagged
  m_Icon: {fileID: 0}
  m_NavMeshLayer: 0
  m_StaticEditorFlags: 0
  m_IsActive: 1
--- !u!4 &137533413
Transform:
  m_ObjectHideFlags: 0
  m_CorrespondingSourceObject: {fileID: 0}
  m_PrefabInstance: {fileID: 0}
  m_PrefabAsset: {fileID: 0}
  m_GameObject: {fileID: 137533412}
  m_LocalRotation: {x: 0, y: 0, z: 0, w: 1}
  m_LocalPosition: {x: 0, y: 0, z: 1.176}
  m_LocalScale: {x: 1, y: 1, z: 1}
  m_ConstrainProportionsScale: 0
  m_Children: []
  m_Father: {fileID: 1561803073}
  m_RootOrder: 0
  m_LocalEulerAnglesHint: {x: 0, y: 0, z: 0}
--- !u!1 &154075935
GameObject:
  m_ObjectHideFlags: 0
  m_CorrespondingSourceObject: {fileID: 0}
  m_PrefabInstance: {fileID: 0}
  m_PrefabAsset: {fileID: 0}
  serializedVersion: 6
  m_Component:
  - component: {fileID: 154075936}
  - component: {fileID: 154075938}
  - component: {fileID: 154075937}
  m_Layer: 0
  m_Name: Sensors
  m_TagString: Untagged
  m_Icon: {fileID: 0}
  m_NavMeshLayer: 0
  m_StaticEditorFlags: 0
  m_IsActive: 1
--- !u!4 &154075936
Transform:
  m_ObjectHideFlags: 0
  m_CorrespondingSourceObject: {fileID: 0}
  m_PrefabInstance: {fileID: 0}
  m_PrefabAsset: {fileID: 0}
  m_GameObject: {fileID: 154075935}
  m_LocalRotation: {x: 0, y: 0, z: 0, w: 1}
  m_LocalPosition: {x: 0, y: 0, z: 0}
  m_LocalScale: {x: 1, y: 1, z: 1}
  m_ConstrainProportionsScale: 0
  m_Children: []
  m_Father: {fileID: 6936710515292594970}
  m_RootOrder: 5
  m_LocalEulerAnglesHint: {x: 0, y: 0, z: 0}
--- !u!114 &154075938
MonoBehaviour:
  m_ObjectHideFlags: 0
  m_CorrespondingSourceObject: {fileID: 0}
  m_PrefabInstance: {fileID: 0}
  m_PrefabAsset: {fileID: 0}
  m_GameObject: {fileID: 154075935}
  m_Enabled: 1
  m_EditorHideFlags: 0
  m_Script: {fileID: 11500000, guid: f0534c900278f434bad52a21640b05e7, type: 3}
  m_Name: 
  m_EditorClassIdentifier: 
  tagName: Player
--- !u!135 &154075937
SphereCollider:
  m_ObjectHideFlags: 0
  m_CorrespondingSourceObject: {fileID: 0}
  m_PrefabInstance: {fileID: 0}
  m_PrefabAsset: {fileID: 0}
  m_GameObject: {fileID: 154075935}
  m_Material: {fileID: 0}
  m_IsTrigger: 1
  m_Enabled: 1
  serializedVersion: 2
  m_Radius: 12
  m_Center: {x: 0, y: 0, z: 0}
--- !u!1 &1561803072
GameObject:
  m_ObjectHideFlags: 0
  m_CorrespondingSourceObject: {fileID: 0}
  m_PrefabInstance: {fileID: 0}
  m_PrefabAsset: {fileID: 0}
  serializedVersion: 6
  m_Component:
  - component: {fileID: 1561803073}
  - component: {fileID: 1561803076}
  m_Layer: 0
  m_Name: Gun
  m_TagString: Untagged
  m_Icon: {fileID: 0}
  m_NavMeshLayer: 0
  m_StaticEditorFlags: 0
  m_IsActive: 1
--- !u!4 &1561803073
Transform:
  m_ObjectHideFlags: 0
  m_CorrespondingSourceObject: {fileID: 0}
  m_PrefabInstance: {fileID: 0}
  m_PrefabAsset: {fileID: 0}
  m_GameObject: {fileID: 1561803072}
  m_LocalRotation: {x: 0, y: 0, z: 0, w: 1}
  m_LocalPosition: {x: 0, y: 1.608, z: 0.713}
  m_LocalScale: {x: 1, y: 1, z: 1}
  m_ConstrainProportionsScale: 0
  m_Children:
  - {fileID: 137533413}
  - {fileID: 8533025283055873766}
  m_Father: {fileID: 6936710515292594970}
  m_RootOrder: 3
  m_LocalEulerAnglesHint: {x: 0, y: 0, z: 0}
--- !u!33 &1561803076
MeshFilter:
  m_ObjectHideFlags: 0
  m_CorrespondingSourceObject: {fileID: 0}
  m_PrefabInstance: {fileID: 0}
  m_PrefabAsset: {fileID: 0}
  m_GameObject: {fileID: 1561803072}
  m_Mesh: {fileID: 10202, guid: 0000000000000000e000000000000000, type: 0}
--- !u!1 &6936710514953807159
GameObject:
  m_ObjectHideFlags: 0
  m_CorrespondingSourceObject: {fileID: 0}
  m_PrefabInstance: {fileID: 0}
  m_PrefabAsset: {fileID: 0}
  serializedVersion: 6
  m_Component:
  - component: {fileID: 6936710514953807158}
  m_Layer: 0
  m_Name: BackLeft
  m_TagString: Untagged
  m_Icon: {fileID: 0}
  m_NavMeshLayer: 0
  m_StaticEditorFlags: 0
  m_IsActive: 1
--- !u!4 &6936710514953807158
Transform:
  m_ObjectHideFlags: 0
  m_CorrespondingSourceObject: {fileID: 0}
  m_PrefabInstance: {fileID: 0}
  m_PrefabAsset: {fileID: 0}
  m_GameObject: {fileID: 6936710514953807159}
  m_LocalRotation: {x: 0, y: 0, z: 0, w: 1}
  m_LocalPosition: {x: -1.2, y: -1.1, z: -1.7}
  m_LocalScale: {x: 1, y: 1, z: 1}
  m_ConstrainProportionsScale: 0
  m_Children:
  - {fileID: 1260836682244671835}
  m_Father: {fileID: 6936710516235998944}
  m_RootOrder: 2
  m_LocalEulerAnglesHint: {x: 0, y: 0, z: 0}
--- !u!1 &6936710515010096485
GameObject:
  m_ObjectHideFlags: 0
  m_CorrespondingSourceObject: {fileID: 0}
  m_PrefabInstance: {fileID: 0}
  m_PrefabAsset: {fileID: 0}
  serializedVersion: 6
  m_Component:
  - component: {fileID: 6936710515010096484}
  m_Layer: 0
  m_Name: FrontLeft
  m_TagString: Untagged
  m_Icon: {fileID: 0}
  m_NavMeshLayer: 0
  m_StaticEditorFlags: 0
  m_IsActive: 1
--- !u!4 &6936710515010096484
Transform:
  m_ObjectHideFlags: 0
  m_CorrespondingSourceObject: {fileID: 0}
  m_PrefabInstance: {fileID: 0}
  m_PrefabAsset: {fileID: 0}
  m_GameObject: {fileID: 6936710515010096485}
  m_LocalRotation: {x: 0, y: 0, z: 0, w: 1}
  m_LocalPosition: {x: -1.2, y: -1.1, z: 1.7}
  m_LocalScale: {x: 1, y: 1, z: 1}
  m_ConstrainProportionsScale: 0
  m_Children:
  - {fileID: 4450120343772336950}
  m_Father: {fileID: 6936710516235998944}
  m_RootOrder: 0
  m_LocalEulerAnglesHint: {x: 0, y: 0, z: 0}
--- !u!1 &6936710515292594975
GameObject:
  m_ObjectHideFlags: 0
  m_CorrespondingSourceObject: {fileID: 0}
  m_PrefabInstance: {fileID: 0}
  m_PrefabAsset: {fileID: 0}
  serializedVersion: 6
  m_Component:
  - component: {fileID: 6936710515292594970}
  - component: {fileID: 6936710515292594971}
  - component: {fileID: 6936710515292594968}
  - component: {fileID: 6936710515292594969}
  - component: {fileID: 6936710515292594974}
  - component: {fileID: 6936710515292594949}
  - component: {fileID: 1831736148}
  - component: {fileID: 1831736149}
  - component: {fileID: 1831736142}
  m_Layer: 0
  m_Name: Car 3 (Truck)
  m_TagString: Untagged
  m_Icon: {fileID: 0}
  m_NavMeshLayer: 0
  m_StaticEditorFlags: 0
  m_IsActive: 1
--- !u!4 &6936710515292594970
Transform:
  m_ObjectHideFlags: 0
  m_CorrespondingSourceObject: {fileID: 0}
  m_PrefabInstance: {fileID: 0}
  m_PrefabAsset: {fileID: 0}
  m_GameObject: {fileID: 6936710515292594975}
  m_LocalRotation: {x: 0, y: 0, z: 0, w: 1}
  m_LocalPosition: {x: 0, y: 0, z: 0}
  m_LocalScale: {x: 1, y: 1, z: 1}
  m_ConstrainProportionsScale: 0
  m_Children:
  - {fileID: 6936710516235998944}
  - {fileID: 6936710515442540391}
  - {fileID: 6936710516831584230}
  - {fileID: 1561803073}
  - {fileID: 4121091812901131688}
  - {fileID: 154075936}
  - {fileID: 4238411996675671884}
  - {fileID: 8332549194158414332}
  m_Father: {fileID: 0}
  m_RootOrder: 0
  m_LocalEulerAnglesHint: {x: 0, y: 0, z: 0}
--- !u!33 &6936710515292594971
MeshFilter:
  m_ObjectHideFlags: 0
  m_CorrespondingSourceObject: {fileID: 0}
  m_PrefabInstance: {fileID: 0}
  m_PrefabAsset: {fileID: 0}
  m_GameObject: {fileID: 6936710515292594975}
  m_Mesh: {fileID: 10202, guid: 0000000000000000e000000000000000, type: 0}
--- !u!23 &6936710515292594968
MeshRenderer:
  m_ObjectHideFlags: 0
  m_CorrespondingSourceObject: {fileID: 0}
  m_PrefabInstance: {fileID: 0}
  m_PrefabAsset: {fileID: 0}
  m_GameObject: {fileID: 6936710515292594975}
  m_Enabled: 0
  m_CastShadows: 1
  m_ReceiveShadows: 1
  m_DynamicOccludee: 1
  m_StaticShadowCaster: 0
  m_MotionVectors: 1
  m_LightProbeUsage: 1
  m_ReflectionProbeUsage: 1
  m_RayTracingMode: 2
  m_RayTraceProcedural: 0
  m_RenderingLayerMask: 1
  m_RendererPriority: 0
  m_Materials:
  - {fileID: 2100000, guid: f324e97c84c895c46a62a22901408848, type: 2}
  m_StaticBatchInfo:
    firstSubMesh: 0
    subMeshCount: 0
  m_StaticBatchRoot: {fileID: 0}
  m_ProbeAnchor: {fileID: 0}
  m_LightProbeVolumeOverride: {fileID: 0}
  m_ScaleInLightmap: 1
  m_ReceiveGI: 1
  m_PreserveUVs: 0
  m_IgnoreNormalsForChartDetection: 0
  m_ImportantGI: 0
  m_StitchLightmapSeams: 1
  m_SelectedEditorRenderState: 3
  m_MinimumChartSize: 4
  m_AutoUVMaxDistance: 0.5
  m_AutoUVMaxAngle: 89
  m_LightmapParameters: {fileID: 0}
  m_SortingLayerID: 0
  m_SortingLayer: 0
  m_SortingOrder: 0
  m_AdditionalVertexStreams: {fileID: 0}
--- !u!65 &6936710515292594969
BoxCollider:
  m_ObjectHideFlags: 0
  m_CorrespondingSourceObject: {fileID: 0}
  m_PrefabInstance: {fileID: 0}
  m_PrefabAsset: {fileID: 0}
  m_GameObject: {fileID: 6936710515292594975}
  m_Material: {fileID: 0}
  m_IsTrigger: 0
  m_Enabled: 1
  serializedVersion: 2
  m_Size: {x: 2.3439798, y: 1.0636308, z: 4.3921127}
  m_Center: {x: -0.007905483, y: 0.008098125, z: -0.09854889}
--- !u!54 &6936710515292594974
Rigidbody:
  m_ObjectHideFlags: 0
  m_CorrespondingSourceObject: {fileID: 0}
  m_PrefabInstance: {fileID: 0}
  m_PrefabAsset: {fileID: 0}
  m_GameObject: {fileID: 6936710515292594975}
  serializedVersion: 2
  m_Mass: 1000
  m_Drag: 0
  m_AngularDrag: 0.05
  m_UseGravity: 1
  m_IsKinematic: 0
  m_Interpolate: 2
  m_Constraints: 0
  m_CollisionDetection: 0
--- !u!114 &6936710515292594949
MonoBehaviour:
  m_ObjectHideFlags: 0
  m_CorrespondingSourceObject: {fileID: 0}
  m_PrefabInstance: {fileID: 0}
  m_PrefabAsset: {fileID: 0}
  m_GameObject: {fileID: 6936710515292594975}
  m_Enabled: 1
  m_EditorHideFlags: 0
  m_Script: {fileID: 11500000, guid: 4528afd9ffccc8947bccc012bcff2732, type: 3}
  m_Name: 
  m_EditorClassIdentifier: 
  _health: 100
  onDeathEvents:
    m_PersistentCalls:
      m_Calls:
      - m_Target: {fileID: 8332549194158414335}
        m_TargetAssemblyTypeName: UnityEngine.GameObject, UnityEngine
        m_MethodName: SetActive
        m_Mode: 6
        m_Arguments:
          m_ObjectArgument: {fileID: 0}
          m_ObjectArgumentAssemblyTypeName: UnityEngine.Object, UnityEngine
          m_IntArgument: 0
          m_FloatArgument: 0
          m_StringArgument: 
          m_BoolArgument: 1
        m_CallState: 2
  _damageMultiplier: 1
  _engineSmoke: {fileID: 4121091812915393836}
  _playerState: {fileID: 11400000, guid: 3be759ce517ee34499558add8345e03c, type: 2}
  frontLeft: {fileID: 6936710516322748255}
  frontRight: {fileID: 6936710515963971003}
  backLeft: {fileID: 6936710516525494865}
  backRight: {fileID: 6936710516193982540}
  wheelFL: {fileID: 6936710515010096484}
  wheelFR: {fileID: 6936710515353107773}
  wheelBL: {fileID: 6936710514953807158}
  wheelBR: {fileID: 6936710516168756030}
  carFront: {fileID: 6936710516831584230}
  NavMeshLayers:
  - Walkable
  - Roads
  MaxSteeringAngle: 45
  MaxRPM: 160
  ShowGizmos: 1
  Debugger: 0
  Patrol: 1
  CustomDestination: {fileID: 0}
  _engineSound: {fileID: 1831736149}
  move: 0
  waypoints: []
--- !u!82 &1831736148
AudioSource:
  m_ObjectHideFlags: 0
  m_CorrespondingSourceObject: {fileID: 0}
  m_PrefabInstance: {fileID: 0}
  m_PrefabAsset: {fileID: 0}
  m_GameObject: {fileID: 6936710515292594975}
  m_Enabled: 1
  serializedVersion: 4
  OutputAudioMixerGroup: {fileID: 0}
  m_audioClip: {fileID: 0}
  m_PlayOnAwake: 0
  m_Volume: 0.3
  m_Pitch: 1
  Loop: 0
  Mute: 0
  Spatialize: 0
  SpatializePostEffects: 0
  Priority: 128
  DopplerLevel: 1
  MinDistance: 1
  MaxDistance: 500
  Pan2D: 0
  rolloffMode: 0
  BypassEffects: 0
  BypassListenerEffects: 0
  BypassReverbZones: 0
  rolloffCustomCurve:
    serializedVersion: 2
    m_Curve:
    - serializedVersion: 3
      time: 0
      value: 1
      inSlope: 0
      outSlope: 0
      tangentMode: 0
      weightedMode: 0
      inWeight: 0.33333334
      outWeight: 0.33333334
    - serializedVersion: 3
      time: 1
      value: 0
      inSlope: 0
      outSlope: 0
      tangentMode: 0
      weightedMode: 0
      inWeight: 0.33333334
      outWeight: 0.33333334
    m_PreInfinity: 2
    m_PostInfinity: 2
    m_RotationOrder: 4
  panLevelCustomCurve:
    serializedVersion: 2
    m_Curve:
    - serializedVersion: 3
      time: 0
      value: 1
      inSlope: 0
      outSlope: 0
      tangentMode: 0
      weightedMode: 0
      inWeight: 0.33333334
      outWeight: 0.33333334
    m_PreInfinity: 2
    m_PostInfinity: 2
    m_RotationOrder: 4
  spreadCustomCurve:
    serializedVersion: 2
    m_Curve:
    - serializedVersion: 3
      time: 0
      value: 0
      inSlope: 0
      outSlope: 0
      tangentMode: 0
      weightedMode: 0
      inWeight: 0.33333334
      outWeight: 0.33333334
    m_PreInfinity: 2
    m_PostInfinity: 2
    m_RotationOrder: 4
  reverbZoneMixCustomCurve:
    serializedVersion: 2
    m_Curve:
    - serializedVersion: 3
      time: 0
      value: 1
      inSlope: 0
      outSlope: 0
      tangentMode: 0
      weightedMode: 0
      inWeight: 0.33333334
      outWeight: 0.33333334
    m_PreInfinity: 2
    m_PostInfinity: 2
    m_RotationOrder: 4
--- !u!82 &1831736149
AudioSource:
  m_ObjectHideFlags: 0
  m_CorrespondingSourceObject: {fileID: 0}
  m_PrefabInstance: {fileID: 0}
  m_PrefabAsset: {fileID: 0}
  m_GameObject: {fileID: 6936710515292594975}
  m_Enabled: 1
  serializedVersion: 4
  OutputAudioMixerGroup: {fileID: 0}
  m_audioClip: {fileID: 8300000, guid: 771ce407ce807b74885ec23ebd1e6647, type: 3}
  m_PlayOnAwake: 1
  m_Volume: 0.3
  m_Pitch: 1.38
  Loop: 1
  Mute: 0
  Spatialize: 0
  SpatializePostEffects: 0
  Priority: 128
  DopplerLevel: 1
  MinDistance: 1
  MaxDistance: 500
  Pan2D: 0
  rolloffMode: 0
  BypassEffects: 0
  BypassListenerEffects: 0
  BypassReverbZones: 0
  rolloffCustomCurve:
    serializedVersion: 2
    m_Curve:
    - serializedVersion: 3
      time: 0
      value: 1
      inSlope: 0
      outSlope: 0
      tangentMode: 0
      weightedMode: 0
      inWeight: 0.33333334
      outWeight: 0.33333334
    - serializedVersion: 3
      time: 1
      value: 0
      inSlope: 0
      outSlope: 0
      tangentMode: 0
      weightedMode: 0
      inWeight: 0.33333334
      outWeight: 0.33333334
    m_PreInfinity: 2
    m_PostInfinity: 2
    m_RotationOrder: 4
  panLevelCustomCurve:
    serializedVersion: 2
    m_Curve:
    - serializedVersion: 3
      time: 0
      value: 1
      inSlope: 0
      outSlope: 0
      tangentMode: 0
      weightedMode: 0
      inWeight: 0.33333334
      outWeight: 0.33333334
    m_PreInfinity: 2
    m_PostInfinity: 2
    m_RotationOrder: 4
  spreadCustomCurve:
    serializedVersion: 2
    m_Curve:
    - serializedVersion: 3
      time: 0
      value: 0
      inSlope: 0
      outSlope: 0
      tangentMode: 0
      weightedMode: 0
      inWeight: 0.33333334
      outWeight: 0.33333334
    m_PreInfinity: 2
    m_PostInfinity: 2
    m_RotationOrder: 4
  reverbZoneMixCustomCurve:
    serializedVersion: 2
    m_Curve:
    - serializedVersion: 3
      time: 0
      value: 1
      inSlope: 0
      outSlope: 0
      tangentMode: 0
      weightedMode: 0
      inWeight: 0.33333334
      outWeight: 0.33333334
    m_PreInfinity: 2
    m_PostInfinity: 2
    m_RotationOrder: 4
--- !u!114 &1831736142
MonoBehaviour:
  m_ObjectHideFlags: 0
  m_CorrespondingSourceObject: {fileID: 0}
  m_PrefabInstance: {fileID: 0}
  m_PrefabAsset: {fileID: 0}
  m_GameObject: {fileID: 6936710515292594975}
  m_Enabled: 1
  m_EditorHideFlags: 0
  m_Script: {fileID: 11500000, guid: 9326f6f8cab9a164bbb445d2644831e7, type: 3}
  m_Name: 
  m_EditorClassIdentifier: 
  _objectReferences: {fileID: 11400000, guid: 7f3d7cb0dba0f3744908dc21240e5e56, type: 2}
  _target: {fileID: 0}
  _prefabProjectile: {fileID: 8148799701746887003, guid: 27d112a5cd1defd4ebc8a215459401a1,
    type: 3}
  projectileImpulse: 400
  _firingPos: {fileID: 137533413}
  _range: 15
  _gunToRotate: {fileID: 1561803073}
  _turnSpeed: 5
  _fireRate: 0.5
  _firingAudioClip: {fileID: 8300000, guid: 230cb7f426e977b4986fee3457021a24, type: 3}
  _firingAudioSource: {fileID: 1831736148}
--- !u!1 &6936710515353107762
GameObject:
  m_ObjectHideFlags: 0
  m_CorrespondingSourceObject: {fileID: 0}
  m_PrefabInstance: {fileID: 0}
  m_PrefabAsset: {fileID: 0}
  serializedVersion: 6
  m_Component:
  - component: {fileID: 6936710515353107773}
  m_Layer: 0
  m_Name: FrontRight
  m_TagString: Untagged
  m_Icon: {fileID: 0}
  m_NavMeshLayer: 0
  m_StaticEditorFlags: 0
  m_IsActive: 1
--- !u!4 &6936710515353107773
Transform:
  m_ObjectHideFlags: 0
  m_CorrespondingSourceObject: {fileID: 0}
  m_PrefabInstance: {fileID: 0}
  m_PrefabAsset: {fileID: 0}
  m_GameObject: {fileID: 6936710515353107762}
  m_LocalRotation: {x: 0, y: 0, z: 0, w: 1}
  m_LocalPosition: {x: 1.2, y: -1.1, z: 1.7}
  m_LocalScale: {x: 1, y: 1, z: 1}
  m_ConstrainProportionsScale: 0
  m_Children:
  - {fileID: 2265062869631522550}
  m_Father: {fileID: 6936710516235998944}
  m_RootOrder: 1
  m_LocalEulerAnglesHint: {x: 0, y: 0, z: 0}
--- !u!1 &6936710515442540388
GameObject:
  m_ObjectHideFlags: 0
  m_CorrespondingSourceObject: {fileID: 0}
  m_PrefabInstance: {fileID: 0}
  m_PrefabAsset: {fileID: 0}
  serializedVersion: 6
  m_Component:
  - component: {fileID: 6936710515442540391}
  m_Layer: 0
  m_Name: Wheel Colliders
  m_TagString: Untagged
  m_Icon: {fileID: 0}
  m_NavMeshLayer: 0
  m_StaticEditorFlags: 0
  m_IsActive: 1
--- !u!4 &6936710515442540391
Transform:
  m_ObjectHideFlags: 0
  m_CorrespondingSourceObject: {fileID: 0}
  m_PrefabInstance: {fileID: 0}
  m_PrefabAsset: {fileID: 0}
  m_GameObject: {fileID: 6936710515442540388}
  m_LocalRotation: {x: 0, y: 0, z: 0, w: 1}
  m_LocalPosition: {x: 0, y: -0.224, z: 0}
  m_LocalScale: {x: 1, y: 1, z: 1}
  m_ConstrainProportionsScale: 0
  m_Children:
  - {fileID: 6936710516322748252}
  - {fileID: 6936710515963971000}
  - {fileID: 6936710516525494864}
  - {fileID: 6936710516193982541}
  m_Father: {fileID: 6936710515292594970}
  m_RootOrder: 1
  m_LocalEulerAnglesHint: {x: 0, y: 0, z: 0}
--- !u!1 &6936710515963971001
GameObject:
  m_ObjectHideFlags: 0
  m_CorrespondingSourceObject: {fileID: 0}
  m_PrefabInstance: {fileID: 0}
  m_PrefabAsset: {fileID: 0}
  serializedVersion: 6
  m_Component:
  - component: {fileID: 6936710515963971000}
  - component: {fileID: 6936710515963971003}
  m_Layer: 0
  m_Name: FrontRight
  m_TagString: Untagged
  m_Icon: {fileID: 0}
  m_NavMeshLayer: 0
  m_StaticEditorFlags: 0
  m_IsActive: 1
--- !u!4 &6936710515963971000
Transform:
  m_ObjectHideFlags: 0
  m_CorrespondingSourceObject: {fileID: 0}
  m_PrefabInstance: {fileID: 0}
  m_PrefabAsset: {fileID: 0}
  m_GameObject: {fileID: 6936710515963971001}
  m_LocalRotation: {x: 0, y: 0, z: 0, w: 1}
  m_LocalPosition: {x: 1, y: -0.742, z: 1.7120001}
  m_LocalScale: {x: 1, y: 1, z: 1}
  m_ConstrainProportionsScale: 0
  m_Children: []
  m_Father: {fileID: 6936710515442540391}
  m_RootOrder: 1
  m_LocalEulerAnglesHint: {x: 0, y: 0, z: 0}
--- !u!146 &6936710515963971003
WheelCollider:
  m_ObjectHideFlags: 0
  m_CorrespondingSourceObject: {fileID: 0}
  m_PrefabInstance: {fileID: 0}
  m_PrefabAsset: {fileID: 0}
  m_GameObject: {fileID: 6936710515963971001}
  m_Center: {x: 0, y: 0, z: 0}
  m_Radius: 0.6
  m_SuspensionSpring:
    spring: 35000
    damper: 4500
    targetPosition: 0.5
  m_SuspensionDistance: 0.3
  m_ForceAppPointDistance: 0
  m_Mass: 80
  m_WheelDampingRate: 0.25
  m_ForwardFriction:
    m_ExtremumSlip: 0.4
    m_ExtremumValue: 1
    m_AsymptoteSlip: 0.8
    m_AsymptoteValue: 0.5
    m_Stiffness: 1
  m_SidewaysFriction:
    m_ExtremumSlip: 0.2
    m_ExtremumValue: 1
    m_AsymptoteSlip: 0.5
    m_AsymptoteValue: 0.75
    m_Stiffness: 1
  m_Enabled: 1
--- !u!1 &6936710516168756031
GameObject:
  m_ObjectHideFlags: 0
  m_CorrespondingSourceObject: {fileID: 0}
  m_PrefabInstance: {fileID: 0}
  m_PrefabAsset: {fileID: 0}
  serializedVersion: 6
  m_Component:
  - component: {fileID: 6936710516168756030}
  m_Layer: 0
  m_Name: BackRight
  m_TagString: Untagged
  m_Icon: {fileID: 0}
  m_NavMeshLayer: 0
  m_StaticEditorFlags: 0
  m_IsActive: 1
--- !u!4 &6936710516168756030
Transform:
  m_ObjectHideFlags: 0
  m_CorrespondingSourceObject: {fileID: 0}
  m_PrefabInstance: {fileID: 0}
  m_PrefabAsset: {fileID: 0}
  m_GameObject: {fileID: 6936710516168756031}
  m_LocalRotation: {x: 0, y: 0, z: 0, w: 1}
  m_LocalPosition: {x: 1.2, y: -1.1, z: -1.7}
  m_LocalScale: {x: 1, y: 1, z: 1}
  m_ConstrainProportionsScale: 0
  m_Children:
  - {fileID: 7338748699248999181}
  m_Father: {fileID: 6936710516235998944}
  m_RootOrder: 3
  m_LocalEulerAnglesHint: {x: 0, y: 0, z: 0}
--- !u!1 &6936710516193982530
GameObject:
  m_ObjectHideFlags: 0
  m_CorrespondingSourceObject: {fileID: 0}
  m_PrefabInstance: {fileID: 0}
  m_PrefabAsset: {fileID: 0}
  serializedVersion: 6
  m_Component:
  - component: {fileID: 6936710516193982541}
  - component: {fileID: 6936710516193982540}
  m_Layer: 0
  m_Name: BackRight
  m_TagString: Untagged
  m_Icon: {fileID: 0}
  m_NavMeshLayer: 0
  m_StaticEditorFlags: 0
  m_IsActive: 1
--- !u!4 &6936710516193982541
Transform:
  m_ObjectHideFlags: 0
  m_CorrespondingSourceObject: {fileID: 0}
  m_PrefabInstance: {fileID: 0}
  m_PrefabAsset: {fileID: 0}
  m_GameObject: {fileID: 6936710516193982530}
  m_LocalRotation: {x: 0, y: 0, z: 0, w: 1}
  m_LocalPosition: {x: 1, y: -0.742, z: -1.712}
  m_LocalScale: {x: 1, y: 1, z: 1}
  m_ConstrainProportionsScale: 0
  m_Children: []
  m_Father: {fileID: 6936710515442540391}
  m_RootOrder: 3
  m_LocalEulerAnglesHint: {x: 0, y: 0, z: 0}
--- !u!146 &6936710516193982540
WheelCollider:
  m_ObjectHideFlags: 0
  m_CorrespondingSourceObject: {fileID: 0}
  m_PrefabInstance: {fileID: 0}
  m_PrefabAsset: {fileID: 0}
  m_GameObject: {fileID: 6936710516193982530}
  m_Center: {x: 0, y: 0, z: 0}
  m_Radius: 0.6
  m_SuspensionSpring:
    spring: 35000
    damper: 4500
    targetPosition: 0.5
  m_SuspensionDistance: 0.3
  m_ForceAppPointDistance: 0
  m_Mass: 80
  m_WheelDampingRate: 0.25
  m_ForwardFriction:
    m_ExtremumSlip: 0.4
    m_ExtremumValue: 1
    m_AsymptoteSlip: 0.8
    m_AsymptoteValue: 0.5
    m_Stiffness: 1
  m_SidewaysFriction:
    m_ExtremumSlip: 0.2
    m_ExtremumValue: 1
    m_AsymptoteSlip: 0.5
    m_AsymptoteValue: 0.75
    m_Stiffness: 1
  m_Enabled: 1
--- !u!1 &6936710516235998945
GameObject:
  m_ObjectHideFlags: 0
  m_CorrespondingSourceObject: {fileID: 0}
  m_PrefabInstance: {fileID: 0}
  m_PrefabAsset: {fileID: 0}
  serializedVersion: 6
  m_Component:
  - component: {fileID: 6936710516235998944}
  m_Layer: 0
  m_Name: Wheel transform
  m_TagString: Untagged
  m_Icon: {fileID: 0}
  m_NavMeshLayer: 0
  m_StaticEditorFlags: 0
  m_IsActive: 1
--- !u!4 &6936710516235998944
Transform:
  m_ObjectHideFlags: 0
  m_CorrespondingSourceObject: {fileID: 0}
  m_PrefabInstance: {fileID: 0}
  m_PrefabAsset: {fileID: 0}
  m_GameObject: {fileID: 6936710516235998945}
  m_LocalRotation: {x: 0, y: 0, z: 0, w: 1}
  m_LocalPosition: {x: 0, y: 0, z: 0}
  m_LocalScale: {x: 1, y: 1, z: 1}
  m_ConstrainProportionsScale: 0
  m_Children:
  - {fileID: 6936710515010096484}
  - {fileID: 6936710515353107773}
  - {fileID: 6936710514953807158}
  - {fileID: 6936710516168756030}
  m_Father: {fileID: 6936710515292594970}
  m_RootOrder: 0
  m_LocalEulerAnglesHint: {x: 0, y: 0, z: 0}
--- !u!1 &6936710516322748253
GameObject:
  m_ObjectHideFlags: 0
  m_CorrespondingSourceObject: {fileID: 0}
  m_PrefabInstance: {fileID: 0}
  m_PrefabAsset: {fileID: 0}
  serializedVersion: 6
  m_Component:
  - component: {fileID: 6936710516322748252}
  - component: {fileID: 6936710516322748255}
  m_Layer: 0
  m_Name: FrontLeft
  m_TagString: Untagged
  m_Icon: {fileID: 0}
  m_NavMeshLayer: 0
  m_StaticEditorFlags: 0
  m_IsActive: 1
--- !u!4 &6936710516322748252
Transform:
  m_ObjectHideFlags: 0
  m_CorrespondingSourceObject: {fileID: 0}
  m_PrefabInstance: {fileID: 0}
  m_PrefabAsset: {fileID: 0}
  m_GameObject: {fileID: 6936710516322748253}
  m_LocalRotation: {x: 0, y: 0, z: 0, w: 1}
  m_LocalPosition: {x: -1, y: -0.742, z: 1.712}
  m_LocalScale: {x: 1, y: 1, z: 1}
  m_ConstrainProportionsScale: 0
  m_Children: []
  m_Father: {fileID: 6936710515442540391}
  m_RootOrder: 0
  m_LocalEulerAnglesHint: {x: 0, y: 0, z: 0}
--- !u!146 &6936710516322748255
WheelCollider:
  m_ObjectHideFlags: 0
  m_CorrespondingSourceObject: {fileID: 0}
  m_PrefabInstance: {fileID: 0}
  m_PrefabAsset: {fileID: 0}
  m_GameObject: {fileID: 6936710516322748253}
  m_Center: {x: 0, y: 0, z: 0}
  m_Radius: 0.6
  m_SuspensionSpring:
    spring: 35000
    damper: 4500
    targetPosition: 0.5
  m_SuspensionDistance: 0.3
  m_ForceAppPointDistance: 0
  m_Mass: 80
  m_WheelDampingRate: 0.25
  m_ForwardFriction:
    m_ExtremumSlip: 0.4
    m_ExtremumValue: 1
    m_AsymptoteSlip: 0.8
    m_AsymptoteValue: 0.5
    m_Stiffness: 1
  m_SidewaysFriction:
    m_ExtremumSlip: 0.2
    m_ExtremumValue: 1
    m_AsymptoteSlip: 0.5
    m_AsymptoteValue: 0.75
    m_Stiffness: 1
  m_Enabled: 1
--- !u!1 &6936710516525494870
GameObject:
  m_ObjectHideFlags: 0
  m_CorrespondingSourceObject: {fileID: 0}
  m_PrefabInstance: {fileID: 0}
  m_PrefabAsset: {fileID: 0}
  serializedVersion: 6
  m_Component:
  - component: {fileID: 6936710516525494864}
  - component: {fileID: 6936710516525494865}
  m_Layer: 0
  m_Name: BackLeft
  m_TagString: Untagged
  m_Icon: {fileID: 0}
  m_NavMeshLayer: 0
  m_StaticEditorFlags: 0
  m_IsActive: 1
--- !u!4 &6936710516525494864
Transform:
  m_ObjectHideFlags: 0
  m_CorrespondingSourceObject: {fileID: 0}
  m_PrefabInstance: {fileID: 0}
  m_PrefabAsset: {fileID: 0}
  m_GameObject: {fileID: 6936710516525494870}
  m_LocalRotation: {x: 0, y: 0, z: 0, w: 1}
  m_LocalPosition: {x: -1, y: -0.742, z: -1.7119989}
  m_LocalScale: {x: 1, y: 1, z: 1}
  m_ConstrainProportionsScale: 0
  m_Children: []
  m_Father: {fileID: 6936710515442540391}
  m_RootOrder: 2
  m_LocalEulerAnglesHint: {x: 0, y: 0, z: 0}
--- !u!146 &6936710516525494865
WheelCollider:
  m_ObjectHideFlags: 0
  m_CorrespondingSourceObject: {fileID: 0}
  m_PrefabInstance: {fileID: 0}
  m_PrefabAsset: {fileID: 0}
  m_GameObject: {fileID: 6936710516525494870}
  m_Center: {x: 0, y: 0, z: 0}
  m_Radius: 0.6
  m_SuspensionSpring:
    spring: 35000
    damper: 4500
    targetPosition: 0.5
  m_SuspensionDistance: 0.3
  m_ForceAppPointDistance: 0
  m_Mass: 80
  m_WheelDampingRate: 0.25
  m_ForwardFriction:
    m_ExtremumSlip: 0.4
    m_ExtremumValue: 1
    m_AsymptoteSlip: 0.8
    m_AsymptoteValue: 0.5
    m_Stiffness: 1
  m_SidewaysFriction:
    m_ExtremumSlip: 0.2
    m_ExtremumValue: 1
    m_AsymptoteSlip: 0.5
    m_AsymptoteValue: 0.75
    m_Stiffness: 1
  m_Enabled: 1
--- !u!1 &6936710516831584231
GameObject:
  m_ObjectHideFlags: 0
  m_CorrespondingSourceObject: {fileID: 0}
  m_PrefabInstance: {fileID: 0}
  m_PrefabAsset: {fileID: 0}
  serializedVersion: 6
  m_Component:
  - component: {fileID: 6936710516831584230}
  m_Layer: 0
  m_Name: Car front
  m_TagString: Untagged
  m_Icon: {fileID: 0}
  m_NavMeshLayer: 0
  m_StaticEditorFlags: 0
  m_IsActive: 1
--- !u!4 &6936710516831584230
Transform:
  m_ObjectHideFlags: 0
  m_CorrespondingSourceObject: {fileID: 0}
  m_PrefabInstance: {fileID: 0}
  m_PrefabAsset: {fileID: 0}
  m_GameObject: {fileID: 6936710516831584231}
  m_LocalRotation: {x: 0, y: 0, z: 0, w: 1}
  m_LocalPosition: {x: 0, y: 0, z: 0.50818175}
  m_LocalScale: {x: 1, y: 1, z: 1}
  m_ConstrainProportionsScale: 0
  m_Children: []
  m_Father: {fileID: 6936710515292594970}
  m_RootOrder: 2
  m_LocalEulerAnglesHint: {x: 0, y: 0, z: 0}
--- !u!1001 &1400023373
PrefabInstance:
  m_ObjectHideFlags: 0
  serializedVersion: 2
  m_Modification:
    m_TransformParent: {fileID: 6936710515292594970}
    m_Modifications:
    - target: {fileID: 4121091811529330619, guid: ddf4ea2625767fd4bb4153e7e4009ad5,
        type: 3}
      propertyPath: m_Materials.Array.size
      value: 1
      objectReference: {fileID: 0}
    - target: {fileID: 4121091811543088291, guid: ddf4ea2625767fd4bb4153e7e4009ad5,
        type: 3}
      propertyPath: m_Name
      value: TireSmoke_PS
      objectReference: {fileID: 0}
    - target: {fileID: 4121091811543088291, guid: ddf4ea2625767fd4bb4153e7e4009ad5,
        type: 3}
      propertyPath: m_IsActive
      value: 1
      objectReference: {fileID: 0}
    - target: {fileID: 4121091811543137509, guid: ddf4ea2625767fd4bb4153e7e4009ad5,
        type: 3}
      propertyPath: m_RootOrder
      value: 4
      objectReference: {fileID: 0}
    - target: {fileID: 4121091811543137509, guid: ddf4ea2625767fd4bb4153e7e4009ad5,
        type: 3}
      propertyPath: m_LocalPosition.x
      value: 0
      objectReference: {fileID: 0}
    - target: {fileID: 4121091811543137509, guid: ddf4ea2625767fd4bb4153e7e4009ad5,
        type: 3}
      propertyPath: m_LocalPosition.y
      value: 0.483
      objectReference: {fileID: 0}
    - target: {fileID: 4121091811543137509, guid: ddf4ea2625767fd4bb4153e7e4009ad5,
        type: 3}
      propertyPath: m_LocalPosition.z
      value: 1.45
      objectReference: {fileID: 0}
    - target: {fileID: 4121091811543137509, guid: ddf4ea2625767fd4bb4153e7e4009ad5,
        type: 3}
      propertyPath: m_LocalRotation.w
      value: 1
      objectReference: {fileID: 0}
    - target: {fileID: 4121091811543137509, guid: ddf4ea2625767fd4bb4153e7e4009ad5,
        type: 3}
      propertyPath: m_LocalRotation.x
      value: 0
      objectReference: {fileID: 0}
    - target: {fileID: 4121091811543137509, guid: ddf4ea2625767fd4bb4153e7e4009ad5,
        type: 3}
      propertyPath: m_LocalRotation.y
      value: 0
      objectReference: {fileID: 0}
    - target: {fileID: 4121091811543137509, guid: ddf4ea2625767fd4bb4153e7e4009ad5,
        type: 3}
      propertyPath: m_LocalRotation.z
      value: 0
      objectReference: {fileID: 0}
    - target: {fileID: 4121091811543137509, guid: ddf4ea2625767fd4bb4153e7e4009ad5,
        type: 3}
      propertyPath: m_LocalEulerAnglesHint.x
      value: 0
      objectReference: {fileID: 0}
    - target: {fileID: 4121091811543137509, guid: ddf4ea2625767fd4bb4153e7e4009ad5,
        type: 3}
      propertyPath: m_LocalEulerAnglesHint.y
      value: 0
      objectReference: {fileID: 0}
    - target: {fileID: 4121091811543137509, guid: ddf4ea2625767fd4bb4153e7e4009ad5,
        type: 3}
      propertyPath: m_LocalEulerAnglesHint.z
      value: 0
      objectReference: {fileID: 0}
    m_RemovedComponents: []
  m_SourcePrefab: {fileID: 100100000, guid: ddf4ea2625767fd4bb4153e7e4009ad5, type: 3}
--- !u!4 &4121091812901131688 stripped
Transform:
  m_CorrespondingSourceObject: {fileID: 4121091811543137509, guid: ddf4ea2625767fd4bb4153e7e4009ad5,
    type: 3}
  m_PrefabInstance: {fileID: 1400023373}
  m_PrefabAsset: {fileID: 0}
--- !u!198 &4121091812915393836 stripped
ParticleSystem:
  m_CorrespondingSourceObject: {fileID: 4121091811527957601, guid: ddf4ea2625767fd4bb4153e7e4009ad5,
    type: 3}
  m_PrefabInstance: {fileID: 1400023373}
  m_PrefabAsset: {fileID: 0}
--- !u!1001 &1256058318456647023
PrefabInstance:
  m_ObjectHideFlags: 0
  serializedVersion: 2
  m_Modification:
    m_TransformParent: {fileID: 6936710514953807158}
    m_Modifications:
    - target: {fileID: 1584323937723070, guid: 316ec9cd7016bb0489fccf6e2c09f3b4, type: 3}
      propertyPath: m_Name
      value: Tire_v1_L (2)
      objectReference: {fileID: 0}
    - target: {fileID: 4800650373342260, guid: 316ec9cd7016bb0489fccf6e2c09f3b4, type: 3}
      propertyPath: m_RootOrder
      value: 0
      objectReference: {fileID: 0}
    - target: {fileID: 4800650373342260, guid: 316ec9cd7016bb0489fccf6e2c09f3b4, type: 3}
      propertyPath: m_LocalPosition.x
      value: 0
      objectReference: {fileID: 0}
    - target: {fileID: 4800650373342260, guid: 316ec9cd7016bb0489fccf6e2c09f3b4, type: 3}
      propertyPath: m_LocalPosition.y
      value: 0
      objectReference: {fileID: 0}
    - target: {fileID: 4800650373342260, guid: 316ec9cd7016bb0489fccf6e2c09f3b4, type: 3}
      propertyPath: m_LocalPosition.z
      value: 0
      objectReference: {fileID: 0}
    - target: {fileID: 4800650373342260, guid: 316ec9cd7016bb0489fccf6e2c09f3b4, type: 3}
      propertyPath: m_LocalRotation.w
      value: 1
      objectReference: {fileID: 0}
    - target: {fileID: 4800650373342260, guid: 316ec9cd7016bb0489fccf6e2c09f3b4, type: 3}
      propertyPath: m_LocalRotation.x
      value: 0
      objectReference: {fileID: 0}
    - target: {fileID: 4800650373342260, guid: 316ec9cd7016bb0489fccf6e2c09f3b4, type: 3}
      propertyPath: m_LocalRotation.y
      value: 0
      objectReference: {fileID: 0}
    - target: {fileID: 4800650373342260, guid: 316ec9cd7016bb0489fccf6e2c09f3b4, type: 3}
      propertyPath: m_LocalRotation.z
      value: 0
      objectReference: {fileID: 0}
    m_RemovedComponents: []
  m_SourcePrefab: {fileID: 100100000, guid: 316ec9cd7016bb0489fccf6e2c09f3b4, type: 3}
--- !u!4 &1260836682244671835 stripped
Transform:
  m_CorrespondingSourceObject: {fileID: 4800650373342260, guid: 316ec9cd7016bb0489fccf6e2c09f3b4,
    type: 3}
  m_PrefabInstance: {fileID: 1256058318456647023}
  m_PrefabAsset: {fileID: 0}
--- !u!1001 &2269269435831415490
PrefabInstance:
  m_ObjectHideFlags: 0
  serializedVersion: 2
  m_Modification:
    m_TransformParent: {fileID: 6936710515353107773}
    m_Modifications:
    - target: {fileID: 1584323937723070, guid: 5929b4b1eaf7dcb4f98c36056f48f372, type: 3}
      propertyPath: m_Name
      value: Tire_v1_R (1)
      objectReference: {fileID: 0}
    - target: {fileID: 4800650373342260, guid: 5929b4b1eaf7dcb4f98c36056f48f372, type: 3}
      propertyPath: m_RootOrder
      value: 0
      objectReference: {fileID: 0}
    - target: {fileID: 4800650373342260, guid: 5929b4b1eaf7dcb4f98c36056f48f372, type: 3}
      propertyPath: m_LocalPosition.x
      value: 0
      objectReference: {fileID: 0}
    - target: {fileID: 4800650373342260, guid: 5929b4b1eaf7dcb4f98c36056f48f372, type: 3}
      propertyPath: m_LocalPosition.y
      value: 0
      objectReference: {fileID: 0}
    - target: {fileID: 4800650373342260, guid: 5929b4b1eaf7dcb4f98c36056f48f372, type: 3}
      propertyPath: m_LocalPosition.z
      value: 0
      objectReference: {fileID: 0}
    - target: {fileID: 4800650373342260, guid: 5929b4b1eaf7dcb4f98c36056f48f372, type: 3}
      propertyPath: m_LocalRotation.w
      value: 1
      objectReference: {fileID: 0}
    - target: {fileID: 4800650373342260, guid: 5929b4b1eaf7dcb4f98c36056f48f372, type: 3}
      propertyPath: m_LocalRotation.x
      value: 0
      objectReference: {fileID: 0}
    - target: {fileID: 4800650373342260, guid: 5929b4b1eaf7dcb4f98c36056f48f372, type: 3}
      propertyPath: m_LocalRotation.y
      value: 0
      objectReference: {fileID: 0}
    - target: {fileID: 4800650373342260, guid: 5929b4b1eaf7dcb4f98c36056f48f372, type: 3}
      propertyPath: m_LocalRotation.z
      value: 0
      objectReference: {fileID: 0}
    m_RemovedComponents: []
  m_SourcePrefab: {fileID: 100100000, guid: 5929b4b1eaf7dcb4f98c36056f48f372, type: 3}
--- !u!4 &2265062869631522550 stripped
Transform:
  m_CorrespondingSourceObject: {fileID: 4800650373342260, guid: 5929b4b1eaf7dcb4f98c36056f48f372,
    type: 3}
  m_PrefabInstance: {fileID: 2269269435831415490}
  m_PrefabAsset: {fileID: 0}
--- !u!1001 &3483711503824381460
PrefabInstance:
  m_ObjectHideFlags: 0
  serializedVersion: 2
  m_Modification:
    m_TransformParent: {fileID: 6936710515292594970}
    m_Modifications:
    - target: {fileID: 4898659101323788264, guid: e21c3cf46bd9cf642b252eaf0ee73978,
        type: 3}
      propertyPath: m_RootOrder
      value: 7
      objectReference: {fileID: 0}
    - target: {fileID: 4898659101323788264, guid: e21c3cf46bd9cf642b252eaf0ee73978,
        type: 3}
      propertyPath: m_LocalPosition.x
      value: 0
      objectReference: {fileID: 0}
    - target: {fileID: 4898659101323788264, guid: e21c3cf46bd9cf642b252eaf0ee73978,
        type: 3}
      propertyPath: m_LocalPosition.y
      value: 0
      objectReference: {fileID: 0}
    - target: {fileID: 4898659101323788264, guid: e21c3cf46bd9cf642b252eaf0ee73978,
        type: 3}
      propertyPath: m_LocalPosition.z
      value: 0
      objectReference: {fileID: 0}
    - target: {fileID: 4898659101323788264, guid: e21c3cf46bd9cf642b252eaf0ee73978,
        type: 3}
      propertyPath: m_LocalRotation.w
      value: 1
      objectReference: {fileID: 0}
    - target: {fileID: 4898659101323788264, guid: e21c3cf46bd9cf642b252eaf0ee73978,
        type: 3}
      propertyPath: m_LocalRotation.x
      value: 0
      objectReference: {fileID: 0}
    - target: {fileID: 4898659101323788264, guid: e21c3cf46bd9cf642b252eaf0ee73978,
        type: 3}
      propertyPath: m_LocalRotation.y
      value: 0
      objectReference: {fileID: 0}
    - target: {fileID: 4898659101323788264, guid: e21c3cf46bd9cf642b252eaf0ee73978,
        type: 3}
      propertyPath: m_LocalRotation.z
      value: 0
      objectReference: {fileID: 0}
    - target: {fileID: 4898659101323788264, guid: e21c3cf46bd9cf642b252eaf0ee73978,
        type: 3}
      propertyPath: m_LocalEulerAnglesHint.x
      value: 0
      objectReference: {fileID: 0}
    - target: {fileID: 4898659101323788264, guid: e21c3cf46bd9cf642b252eaf0ee73978,
        type: 3}
      propertyPath: m_LocalEulerAnglesHint.y
      value: 0
      objectReference: {fileID: 0}
    - target: {fileID: 4898659101323788264, guid: e21c3cf46bd9cf642b252eaf0ee73978,
        type: 3}
      propertyPath: m_LocalEulerAnglesHint.z
      value: 0
      objectReference: {fileID: 0}
    - target: {fileID: 4898659101323788267, guid: e21c3cf46bd9cf642b252eaf0ee73978,
        type: 3}
      propertyPath: m_Name
      value: DeathEffects
      objectReference: {fileID: 0}
    - target: {fileID: 4898659101323788267, guid: e21c3cf46bd9cf642b252eaf0ee73978,
        type: 3}
      propertyPath: m_IsActive
      value: 0
      objectReference: {fileID: 0}
    m_RemovedComponents: []
  m_SourcePrefab: {fileID: 100100000, guid: e21c3cf46bd9cf642b252eaf0ee73978, type: 3}
--- !u!4 &8332549194158414332 stripped
Transform:
  m_CorrespondingSourceObject: {fileID: 4898659101323788264, guid: e21c3cf46bd9cf642b252eaf0ee73978,
    type: 3}
  m_PrefabInstance: {fileID: 3483711503824381460}
  m_PrefabAsset: {fileID: 0}
--- !u!1 &8332549194158414335 stripped
GameObject:
  m_CorrespondingSourceObject: {fileID: 4898659101323788267, guid: e21c3cf46bd9cf642b252eaf0ee73978,
    type: 3}
  m_PrefabInstance: {fileID: 3483711503824381460}
  m_PrefabAsset: {fileID: 0}
--- !u!1001 &4233843905139656770
PrefabInstance:
  m_ObjectHideFlags: 0
  serializedVersion: 2
  m_Modification:
    m_TransformParent: {fileID: 6936710515292594970}
    m_Modifications:
    - target: {fileID: 1087319797623800, guid: ddcd84c023cd7c0439ad792a8480d434, type: 3}
      propertyPath: m_Name
      value: Pickup_v1
      objectReference: {fileID: 0}
    - target: {fileID: 4644168837549838, guid: ddcd84c023cd7c0439ad792a8480d434, type: 3}
      propertyPath: m_RootOrder
      value: 6
      objectReference: {fileID: 0}
    - target: {fileID: 4644168837549838, guid: ddcd84c023cd7c0439ad792a8480d434, type: 3}
      propertyPath: m_LocalPosition.x
      value: 0
      objectReference: {fileID: 0}
    - target: {fileID: 4644168837549838, guid: ddcd84c023cd7c0439ad792a8480d434, type: 3}
      propertyPath: m_LocalPosition.y
      value: 0
      objectReference: {fileID: 0}
    - target: {fileID: 4644168837549838, guid: ddcd84c023cd7c0439ad792a8480d434, type: 3}
      propertyPath: m_LocalPosition.z
      value: 0
      objectReference: {fileID: 0}
    - target: {fileID: 4644168837549838, guid: ddcd84c023cd7c0439ad792a8480d434, type: 3}
      propertyPath: m_LocalRotation.w
      value: 1
      objectReference: {fileID: 0}
    - target: {fileID: 4644168837549838, guid: ddcd84c023cd7c0439ad792a8480d434, type: 3}
      propertyPath: m_LocalRotation.x
      value: 0
      objectReference: {fileID: 0}
    - target: {fileID: 4644168837549838, guid: ddcd84c023cd7c0439ad792a8480d434, type: 3}
      propertyPath: m_LocalRotation.y
      value: 0
      objectReference: {fileID: 0}
    - target: {fileID: 4644168837549838, guid: ddcd84c023cd7c0439ad792a8480d434, type: 3}
      propertyPath: m_LocalRotation.z
      value: 0
      objectReference: {fileID: 0}
    - target: {fileID: 4644168837549838, guid: ddcd84c023cd7c0439ad792a8480d434, type: 3}
      propertyPath: m_LocalEulerAnglesHint.x
      value: 0
      objectReference: {fileID: 0}
    - target: {fileID: 4644168837549838, guid: ddcd84c023cd7c0439ad792a8480d434, type: 3}
      propertyPath: m_LocalEulerAnglesHint.y
      value: 0
      objectReference: {fileID: 0}
    - target: {fileID: 4644168837549838, guid: ddcd84c023cd7c0439ad792a8480d434, type: 3}
      propertyPath: m_LocalEulerAnglesHint.z
      value: 0
      objectReference: {fileID: 0}
    - target: {fileID: 861019285631467344, guid: ddcd84c023cd7c0439ad792a8480d434,
        type: 3}
      propertyPath: m_LocalPosition.x
      value: -1.535
      objectReference: {fileID: 0}
    - target: {fileID: 861019285631467344, guid: ddcd84c023cd7c0439ad792a8480d434,
        type: 3}
      propertyPath: m_LocalPosition.y
      value: -0.53
      objectReference: {fileID: 0}
    - target: {fileID: 2126287694193167578, guid: ddcd84c023cd7c0439ad792a8480d434,
        type: 3}
      propertyPath: m_IsActive
      value: 1
      objectReference: {fileID: 0}
    - target: {fileID: 6245054754268292897, guid: ddcd84c023cd7c0439ad792a8480d434,
        type: 3}
      propertyPath: m_LocalPosition.x
      value: 0.081
      objectReference: {fileID: 0}
    - target: {fileID: 6245054754268292897, guid: ddcd84c023cd7c0439ad792a8480d434,
        type: 3}
      propertyPath: m_LocalPosition.y
      value: 0.412
      objectReference: {fileID: 0}
    - target: {fileID: 6245054754268292897, guid: ddcd84c023cd7c0439ad792a8480d434,
        type: 3}
      propertyPath: m_LocalPosition.z
      value: 2.959
      objectReference: {fileID: 0}
    m_RemovedComponents: []
  m_SourcePrefab: {fileID: 100100000, guid: ddcd84c023cd7c0439ad792a8480d434, type: 3}
--- !u!4 &4238411996675671884 stripped
Transform:
  m_CorrespondingSourceObject: {fileID: 4644168837549838, guid: ddcd84c023cd7c0439ad792a8480d434,
    type: 3}
  m_PrefabInstance: {fileID: 4233843905139656770}
  m_PrefabAsset: {fileID: 0}
--- !u!1001 &4454920903951365890
PrefabInstance:
  m_ObjectHideFlags: 0
  serializedVersion: 2
  m_Modification:
    m_TransformParent: {fileID: 6936710515010096484}
    m_Modifications:
    - target: {fileID: 1584323937723070, guid: 316ec9cd7016bb0489fccf6e2c09f3b4, type: 3}
      propertyPath: m_Name
      value: Tire_v1_L (1)
      objectReference: {fileID: 0}
    - target: {fileID: 4800650373342260, guid: 316ec9cd7016bb0489fccf6e2c09f3b4, type: 3}
      propertyPath: m_RootOrder
      value: 0
      objectReference: {fileID: 0}
    - target: {fileID: 4800650373342260, guid: 316ec9cd7016bb0489fccf6e2c09f3b4, type: 3}
      propertyPath: m_LocalPosition.x
      value: 0
      objectReference: {fileID: 0}
    - target: {fileID: 4800650373342260, guid: 316ec9cd7016bb0489fccf6e2c09f3b4, type: 3}
      propertyPath: m_LocalPosition.y
      value: 0
      objectReference: {fileID: 0}
    - target: {fileID: 4800650373342260, guid: 316ec9cd7016bb0489fccf6e2c09f3b4, type: 3}
      propertyPath: m_LocalPosition.z
      value: 0
      objectReference: {fileID: 0}
    - target: {fileID: 4800650373342260, guid: 316ec9cd7016bb0489fccf6e2c09f3b4, type: 3}
      propertyPath: m_LocalRotation.w
      value: 1
      objectReference: {fileID: 0}
    - target: {fileID: 4800650373342260, guid: 316ec9cd7016bb0489fccf6e2c09f3b4, type: 3}
      propertyPath: m_LocalRotation.x
      value: 0
      objectReference: {fileID: 0}
    - target: {fileID: 4800650373342260, guid: 316ec9cd7016bb0489fccf6e2c09f3b4, type: 3}
      propertyPath: m_LocalRotation.y
      value: 0
      objectReference: {fileID: 0}
    - target: {fileID: 4800650373342260, guid: 316ec9cd7016bb0489fccf6e2c09f3b4, type: 3}
      propertyPath: m_LocalRotation.z
      value: 0
      objectReference: {fileID: 0}
    m_RemovedComponents: []
  m_SourcePrefab: {fileID: 100100000, guid: 316ec9cd7016bb0489fccf6e2c09f3b4, type: 3}
--- !u!4 &4450120343772336950 stripped
Transform:
  m_CorrespondingSourceObject: {fileID: 4800650373342260, guid: 316ec9cd7016bb0489fccf6e2c09f3b4,
    type: 3}
  m_PrefabInstance: {fileID: 4454920903951365890}
  m_PrefabAsset: {fileID: 0}
--- !u!1001 &7334524472280031033
PrefabInstance:
  m_ObjectHideFlags: 0
  serializedVersion: 2
  m_Modification:
    m_TransformParent: {fileID: 6936710516168756030}
    m_Modifications:
    - target: {fileID: 1584323937723070, guid: 5929b4b1eaf7dcb4f98c36056f48f372, type: 3}
      propertyPath: m_Name
      value: Tire_v1_R (2)
      objectReference: {fileID: 0}
    - target: {fileID: 4800650373342260, guid: 5929b4b1eaf7dcb4f98c36056f48f372, type: 3}
      propertyPath: m_RootOrder
      value: 0
      objectReference: {fileID: 0}
    - target: {fileID: 4800650373342260, guid: 5929b4b1eaf7dcb4f98c36056f48f372, type: 3}
      propertyPath: m_LocalPosition.x
      value: 0
      objectReference: {fileID: 0}
    - target: {fileID: 4800650373342260, guid: 5929b4b1eaf7dcb4f98c36056f48f372, type: 3}
      propertyPath: m_LocalPosition.y
      value: 0
      objectReference: {fileID: 0}
    - target: {fileID: 4800650373342260, guid: 5929b4b1eaf7dcb4f98c36056f48f372, type: 3}
      propertyPath: m_LocalPosition.z
      value: 0
      objectReference: {fileID: 0}
    - target: {fileID: 4800650373342260, guid: 5929b4b1eaf7dcb4f98c36056f48f372, type: 3}
      propertyPath: m_LocalRotation.w
      value: 1
      objectReference: {fileID: 0}
    - target: {fileID: 4800650373342260, guid: 5929b4b1eaf7dcb4f98c36056f48f372, type: 3}
      propertyPath: m_LocalRotation.x
      value: 0
      objectReference: {fileID: 0}
    - target: {fileID: 4800650373342260, guid: 5929b4b1eaf7dcb4f98c36056f48f372, type: 3}
      propertyPath: m_LocalRotation.y
      value: 0
      objectReference: {fileID: 0}
    - target: {fileID: 4800650373342260, guid: 5929b4b1eaf7dcb4f98c36056f48f372, type: 3}
      propertyPath: m_LocalRotation.z
      value: 0
      objectReference: {fileID: 0}
    m_RemovedComponents: []
  m_SourcePrefab: {fileID: 100100000, guid: 5929b4b1eaf7dcb4f98c36056f48f372, type: 3}
--- !u!4 &7338748699248999181 stripped
Transform:
  m_CorrespondingSourceObject: {fileID: 4800650373342260, guid: 5929b4b1eaf7dcb4f98c36056f48f372,
    type: 3}
  m_PrefabInstance: {fileID: 7334524472280031033}
  m_PrefabAsset: {fileID: 0}
--- !u!1001 &8537644635865183222
PrefabInstance:
  m_ObjectHideFlags: 0
  serializedVersion: 2
  m_Modification:
    m_TransformParent: {fileID: 1561803073}
    m_Modifications:
    - target: {fileID: 1458906744313450, guid: 243d15d3e6617aa4caf004b5ab68151f, type: 3}
      propertyPath: m_Name
      value: Weapon_v1_1 (3)
      objectReference: {fileID: 0}
    - target: {fileID: 4692471564705040, guid: 243d15d3e6617aa4caf004b5ab68151f, type: 3}
      propertyPath: m_RootOrder
      value: 1
      objectReference: {fileID: 0}
    - target: {fileID: 4692471564705040, guid: 243d15d3e6617aa4caf004b5ab68151f, type: 3}
      propertyPath: m_LocalPosition.x
      value: 0
      objectReference: {fileID: 0}
    - target: {fileID: 4692471564705040, guid: 243d15d3e6617aa4caf004b5ab68151f, type: 3}
      propertyPath: m_LocalPosition.y
      value: -0.397
      objectReference: {fileID: 0}
    - target: {fileID: 4692471564705040, guid: 243d15d3e6617aa4caf004b5ab68151f, type: 3}
      propertyPath: m_LocalPosition.z
      value: 0
      objectReference: {fileID: 0}
    - target: {fileID: 4692471564705040, guid: 243d15d3e6617aa4caf004b5ab68151f, type: 3}
      propertyPath: m_LocalRotation.w
      value: 1
      objectReference: {fileID: 0}
    - target: {fileID: 4692471564705040, guid: 243d15d3e6617aa4caf004b5ab68151f, type: 3}
      propertyPath: m_LocalRotation.x
      value: 0
      objectReference: {fileID: 0}
    - target: {fileID: 4692471564705040, guid: 243d15d3e6617aa4caf004b5ab68151f, type: 3}
      propertyPath: m_LocalRotation.y
      value: 0
      objectReference: {fileID: 0}
    - target: {fileID: 4692471564705040, guid: 243d15d3e6617aa4caf004b5ab68151f, type: 3}
      propertyPath: m_LocalRotation.z
      value: 0
      objectReference: {fileID: 0}
    - target: {fileID: 23438250284632910, guid: 243d15d3e6617aa4caf004b5ab68151f,
        type: 3}
      propertyPath: m_Enabled
      value: 1
      objectReference: {fileID: 0}
    m_RemovedComponents: []
  m_SourcePrefab: {fileID: 100100000, guid: 243d15d3e6617aa4caf004b5ab68151f, type: 3}
--- !u!4 &8533025283055873766 stripped
Transform:
  m_CorrespondingSourceObject: {fileID: 4692471564705040, guid: 243d15d3e6617aa4caf004b5ab68151f,
    type: 3}
  m_PrefabInstance: {fileID: 8537644635865183222}
  m_PrefabAsset: {fileID: 0}
